 Dungeon Crawl Stone Soup version 0.29.1 (webtiles) character file.

Game seed: 13430137724202760995

518 Powertoast the Conjurer (level 7, -1/45 (50) HPs)
             Began as a Yellow Draconian Conjurer on Sept 12, 2022.
             Slain by a wight
             ... wielding a +4 morningstar
              (8 damage)
             ... on level 5 of the Dungeon.
             The game lasted 00:13:57 (5538 turns).

Powertoast the Conjurer (Yellow Draconian Conjurer) Turns: 5538, Time: 00:13:57

HP:   -1/45 (50)    AC:  6    Str:  9    XL:     7   Next: 1%
MP:   10/12         EV: 12    Int: 21    God:
Gold: 190           SH:  0    Dex:  9    Spells: 3/13 levels left

rFire   . . .      SeeInvis .   e - +0 trident
rCold   . . .      Faith    .   (no shield)
rNeg    . . .      Spirit   .   (body armour unavailable)
rPois   .          Reflect  .   (helmet restricted)
rElec   .          Harm     .   (no cloak)
rCorr   +          Rampage  .   (no gloves)
Will    .....                   (no boots)
Stlth   ++........              (no amulet)
HPRegen 0.15/turn               (no ring)
MPRegen 0.13/turn               (no ring)

@: short of breath, heavily drained
A: spit acid, AC +6, unfitting armour, cold-blooded, acid resistance
a: Breathe Acid


You were on level 5 of the Dungeon.
You visited 1 branch of the dungeon, and saw 5 of its levels.

You collected 190 gold pieces.

Inventory:

Hand Weapons
 e - a +0 trident (weapon)
Armour
 d - a +0 kite shield
 j - a +0 tower shield
Jewellery
 o - the ring of Suspicion {rC+ rN+ Int-3 Dex+3 SInv}
   (You found it on level 4 of the Dungeon)

   [ring of protection from cold]

   Int:       It affects your intelligence (-3).
   Dex:       It affects your dexterity (+3).
   rC:        It protects you from cold.
   rN:        It protects you from negative energy.
   SInv:      It lets you see invisible.
Scrolls
 f - a scroll of vulnerability {unknown}
 g - a scroll of enchant armour {unknown}
 h - a scroll of magic mapping {unknown}
 i - a scroll of poison {unknown}
 k - 3 scrolls of identify {unknown}
 m - a scroll of amnesia {unknown}
 p - a scroll of teleportation {unknown}
Potions
 a - a potion of magic
 c - a potion of degeneration {unknown}
 l - 4 potions of curing {unknown}
 n - a potion of ambrosia {unknown}


   Skills:
 - Level 1.7 Dodging
 - Level 1.7 Stealth
 + Level 3.9 Spellcasting
 - Level 5.0 Conjurations
 - Level 5.0 Hexes


You had 3 spell levels left.
You knew the following spells:

 Your Spells              Type           Power      Damage    Failure   Level
a - Magic Dart            Conj           100%       1d8       1%          1
b - Searing Ray           Conj           50%        2d6       2%          2
c - Dazzling Flash        Conj/Hex       50%        N/A       4%          3
d - Fulminant Prism       Conj/Hex       12%        3d9       16%         4

Your spell library contained the following spells:

 Spells                   Type           Power      Damage    Failure   Level
 Ozocubu's Armour         Ice            4%         N/A       36%         3
 Iskenderun's Mystic Bla  Conj/Tloc      14%        2d5       41%         4
 Animate Dead             Necr           4%         N/A       77%         4
 Haunt                    Necr/Summ      2%         N/A       100%        7
 Ozocubu's Refrigeration  Ice            2%         4d7       100%        7
 Infestation              Necr           2%         N/A       100%        8


Dungeon Overview and Level Annotations

Branches:
Dungeon (5/15)
 Temple: D:4-7

Altars:
Elyvilon
Makhleb
Xom
Zin
The Shining One

Shops:
D:1 (

Annotations:
D:5 exclusion: orc wizard


Innate Abilities, Weirdness & Mutations

You can spit globs of acid.
Your golden yellow scales are hard. (AC +6)
You cannot fit into any form of body armour.
You are cold-blooded and may be slowed by cold attacks.
You are resistant to acid. (rCorr)


Message History

Okay, then.
Unknown command.
No monsters, items or features are visible.
There's nothing to close nearby.
Press: ? - help, . - travel You can't see that place. [the floor.] Placed new exclusion.
The wight hits you with a +4 morningstar!
You feel drained.
You hit the wight but do no damage.
You tail-slap the wight, but do no damage.
The wight closely misses you.
You barely miss the wight.
The wight hits you with a +4 morningstar!
You barely miss the wight. The wight barely misses you.
Abil: Breathe Acid
Press: ? - help, Q - select action, (/) - cycle Shift-Dir - straight line, f/p - wight
Aim: a wight, wielding a +4 morningstar and wearing a +0 robe (64% to hit)
You spit a glob of acid.
The glob of acid misses the wight.
The wight hits you with a +4 morningstar.
You feel drained.
Okay, then.
You hit the wight.
The wight is lightly damaged.
The wight hits you with a +4 morningstar!
* * * LOW HITPOINT WARNING * * *
You feel drained.
* * * LOW HITPOINT WARNING * * *
The wight closely misses you.
Casting: Searing Ray (safe; 2% risk of failure)
Confirm with . or Enter, or press ? or * to list all spells.
Aiming: Searing Ray (safe; 2% risk of failure)
Press: ? - help, Shift-Dir - straight line, f/p - wight
Aim: a wight, wielding a +4 morningstar and wearing a +0 robe (lightly damaged, 79% to hit)
The searing ray hits the wight.
The wight is moderately damaged. (Press . to maintain the ray.)
The wight hits you with a +4 morningstar!
You die...

## .. # ##.
#.#..#####.####
##..............
........###.#.oo
.#.#..#z# .#.
#@# ... #.# ##..
#.# #.# #.# #
#.# #.#
#.##.###.#
#........#
####.#####
#.#.##


You could see a wight.

Vanquished Creatures
  Pargi (D:3)
  A crimson imp (D:3)
  An orc priest (D:4)
  3 hounds
  2 iguanas (D:5)
  Jessica (D:3)
  An orc wizard (D:4)
  Robin (D:3)
  5 adders
  A shadow imp (D:5)
  2 worms
  2 dart slugs
  10 orcs
  4 ball pythons
  4 bats
  3 endoplasms
  5 giant cockroaches
  9 hobgoblins
  7 kobolds
  4 quokkas
  2 frilled lizards
  18 goblins
  4 rats
91 creatures vanquished.

Notes
Turn   | Place    | Note
-------+----------+-------------------------------------------
     0 | D:1      | Powertoast the Draconian Conjurer began the quest for the
                  | Orb.
     0 | D:1      | Reached XP level 1. HP: 14/14 MP: 3/3
   283 | D:1      | Reached XP level 2. HP: 20/20 MP: 0/5
   352 | D:1      | Found Asubuz's Weapon Boutique.
  1007 | D:1      | Reached XP level 3. HP: 26/26 MP: 5/7
  1010 | D:1      | Learned a level 2 spell: Searing Ray
  1014 | D:1      | Learned a level 3 spell: Dazzling Flash
  1729 | D:2      | You fall into a shaft and drop 1 floor!
  1795 | D:3      | Noticed Jessica
  1798 | D:3      | Killed Jessica
  1799 | D:3      | Reached skill level 5 in Conjurations
  1799 | D:3      | Reached skill level 1 in Hexes
  1799 | D:3      | Reached XP level 4. HP: 33/33 MP: 3/8
  2030 | D:3      | Noticed Robin
  2047 | D:3      | Killed Robin
  2253 | D:3      | Found a burning altar of Makhleb.
  2255 | D:3      | Found a shimmering altar of Xom.
  2262 | D:3      | Reached XP level 5. HP: 30/38 MP: 1/9
  2741 | D:3      | Noticed Pargi
  2747 | D:3      | Killed Pargi
  2748 | D:3      | Reached XP level 6. HP: 44/45 MP: 1/10
  3052 | D:3      | Found a faded altar of an unknown god.
  3487 | D:4      | Identified the +1 leather armour "Epenetro" {rN++ Str+3}
  3914 | D:4      | Found a glowing golden altar of the Shining One.
  3916 | D:4      | Found a glowing silver altar of Zin.
  3916 | D:4      | Found a white marble altar of Elyvilon.
  4168 | D:4      | Identified the ring of Suspicion {rC+ rN+ Int-3 Dex+3 SInv}
  4175 | D:4      | Learned a level 4 spell: Fulminant Prism
  5036 | D:5      | Entered Level 5 of the Dungeon
  5053 | D:5      | Reached skill level 5 in Hexes
  5473 | D:5      | Your scales start taking on a golden yellow colour.
  5473 | D:5      | Reached XP level 7. HP: 50/50 MP: 8/12
  5473 | D:5      | Gained mutation: You are resistant to acid. (rCorr) [Yellow
                  | Draconian growth]
  5538 | D:5      | Slain by a wight

Illustrated notes

Levels and vault maps discovered:
D:1:      eino_arrival_cavern_a, layout_rooms, serial_shops,
          nicolae_shop_bloodbath_and_beyond, serial_corexii_hall,
          corexii_hall_statues_t, corexii_hall_statues_x,
          corexii_hall_statues_t, chequers_hall_statues_corner_a
D:2:      layout_rooms, basic_altar, minmay_divided_ellipse
D:3:      layout_basic, grunt_temple_overflow_champion_of_chaos,
          ebering_ecumenical_altar_abandoned, minmay_hedge_maze, minivault_26,
          uniq_pargi, uniq_jessica, uniq_robin
D:4:      layout_layer_cave, dreamdust_divine_triumvirate, bh_walls_and_bars
D:5:      layout_loops_corners, lemuel_coloured_pillars_altar,
          lemuel_tele_altar, minmay_misc_feat_enclosed,
          minmay_fractal_squares_diagonal_5

Skill      XL: |  1  2  3  4  5  6 |
---------------+-------------------+-----
Spellcasting   | 3 |  3.9
Conjurations   | 5 |  5.0
Hexes          | 1 2 4 5 |  5.0
Dodging        | |  1.7
Stealth        | |  1.7

Action                   |  1- 3 |  4- 6 |  7- 9 || total
-------------------------+-------+-------+-------++-------
Melee: Unarmed           |     7 |       |       ||     7
       Tailslap          |     2 |     4 |     1 ||     7
       Trident           |     5 |    21 |     4 ||    30
 Cast: Magic Dart        |    67 |    73 |       ||   140
       Searing Ray       |     3 |    22 |     1 ||    26
 Abil: Breathe Acid      |       |       |     1 ||     1
  Use: Scroll            |       |     1 |       ||     1
Armor: Skin              |    13 |    25 |       ||    38
Dodge: Dodged            |    25 |    18 |     3 ||    46
